AoeStats
← zamithdaniel

Pilgrims

508942451Analyzed
2v2 RM · 8d ago on Sep 24, 2026· 49m 42s· 4 players
Game mode
Random Map
Map size
Medium (4 player)
Population
200
Speed
Normal
Resources
Standard
Victory
Conquest
Starting age
Dark Age
Ending age
Imperial Age
RankedLock teamsTeams togetherTeam positionsShared explorationLock speedFull tech treeHidden civsTurbo modeCheats
Victory
Defeat
🇨🇴 Celts · Colombia
955
+16
🇧🇪 Dravidians · Belgium
945
+16
🇵🇱 Tatars · Poland
957
-16
🇵🇱 Koreans · Poland
956
-16
420 buddha
10:32 Feudal Age
11:06 Double-Bit Axe
12:40 Wheelbarrow
13:42 Stone Mining
20:23 Castle Age
18:29 Fletching
23:50 Scale Mail Armor
24:01 Forging
29:39 Hand Cart
30:59 Horse Collar
31:38 Bow Saw
33:58 Bodkin Arrow
34:04 Padded Archer Armor
38:48 Imperial Age
37:09 Medical Corps
39:17 Husbandry
39:55 Siege Elephant
41:17 Ballistics
41:59 Chemistry
41:23 Elite Elephant Archer
43:11 Bracer
45:18 Conscription
zamithdaniel
14:20 Feudal Age
17:11 Stone Mining
21:04 Castle Age
19:46 Gold Mining
19:59 Scale Mail Armor
20:10 Forging
24:51 Chain Mail Armor
25:12 Iron Casting
29:25 Gold Shaft Mining
33:46 Imperial Age
33:51 Elite Woad Raider
36:49 Horse Collar
41:02 Blast Furnace
40:13 Fishing Lines
41:40 Plate Mail Armor
47:44 Heavy Plow
48:30 Conscription
PROFESOR WUJ
8:15 Loom
10:58 Feudal Age
11:49 Double-Bit Axe
12:11 Horse Collar
13:34 Wheelbarrow
19:13 Castle Age
18:18 Gold Mining
18:20 Stone Mining
18:47 Scale Mail Armor
18:37 Fletching
20:10 Forging
21:28 Squires
27:29 Chain Mail Armor
30:12 Hand Cart
31:07 Stone Shaft Mining
31:10 Gold Shaft Mining
33:19 Iron Casting
33:51 Town Watch
37:24 Heavy Plow
38:09 Masonry
41:43 Imperial Age
41:59 Elite Fire Lancer
43:46 Siege Engineers
44:18 Plate Mail Armor
45:09 Conscription
ѯ ҉ ҉ ѯ
11:25 Loom
13:19 Feudal Age
11:54 Loom
13:52 Double-Bit Axe
17:43 Castle Age
15:37 Horse Collar
19:42 Bloodlines
19:44 Scale Barding Armor
21:56 Fletching
22:28 Chain Barding Armor
26:56 Wheelbarrow
27:07 Wheelbarrow
32:33 Padded Archer Armor
32:31 Bodkin Arrow
32:37 Padded Archer Armor
37:47 Town Watch
38:41 Heavy Plow
42:25 Imperial Age
41:33 Silk Armor
42:41 Ballistics
43:51 Hand Cart
46:40 Husbandry
47:32 Town Patrol
47:37 Heavy Camel Rider
Connection lost

Rejoining the realm…

Still unreachable

The connection could not be restored.

Session expired

The server has moved on; the page needs a fresh start.